 Dungeon Crawl Stone Soup version 0.15.0-22-g71df38d (console) character file.

10305 gw the Slicer (level 11, -7/76 HPs)
             Began as a Kobold Berserker on Sept 8, 2014.
             Was an Elder of Trog.
             Mangled by an orc warrior
             ... wielding a +0 trident
              (9 damage)
             ... on Level 11 of the Dungeon.
             The game lasted 00:10:14 (15195 turns).

gw the Slicer (Kobold Berserker)                   Turns: 15195, Time: 00:10:14

HP  -7/76        AC  8     Str 17      XL: 11   Next: 90%
MP  11/11        EV 30     Int  6      God: Trog [****..]
Gold 0           SH  0     Dex 18      Spells:  0 memorised, 10 levels left

rFire  + . .     SeeInvis .     k - +0 cutlass (vamp)
rCold  . . .     Clarity  .     s - +0 robe of the Sea {rF+ Int+3 Slay+5}
rNeg   . . .     rCorr    .     (no shield)
rPois  .         rRot     .     g - +0 helmet
rElec  .         Spirit   .     d - +0 cloak
SustAb .         Warding  .     i - +2 pair of gloves (curse)
rMut   .         Stasis   .     (no boots)
Gourm  .                        (no amulet)
MR     .....                    p - ring of regeneration
                                a - +5 ring of evasion

@: exhausted, slowed, very slow, not resistant to hostile enchantments,
unstealthy
A: rugged brown scales 1, carnivore 3, dopey 1, spit poison 1
a: Spit Poison, Burn Spellbooks, Berserk, Trog's Hand, Brothers in Arms,
Renounce Religion


You were on level 11 of the Dungeon.
You worshipped Trog.
Trog was greatly pleased with you.
You were very full.

You visited 1 branch of the dungeon, and saw 11 of its levels.

Inventory:

Hand weapons
 k - a +0 vampiric cutlass (weapon)
Missiles
 o - 52 bolts
Armour
 d - a +0 cloak (worn)
 g - a +0 helmet (worn)
 i - a cursed +2 pair of gloves (worn)
 s - the +0 robe of the Sea (worn) {rF+ Int+3 Slay+5}
   (You found it on level 6 of the Dungeon)

   It affects your intelligence (+3).
   It affects your accuracy and damage with ranged weapons and melee attacks
   (+5).
   It protects you from fire.
Magical devices
 f - a wand of random effects (5)
 j - a wand of confusion (11)
 r - a wand of magic darts (8)
 u - a wand of slowing (6)
Comestibles
 c - 9 meat rations
 n - 2 slices of pizza
 q - 2 beef jerkies
 t - a chunk of manticore flesh
Scrolls
 h - a scroll of magic mapping
 l - 7 scrolls of identify
 m - 2 scrolls of remove curse
Jewellery
 a - a +5 ring of evasion (left hand)
 p - a ring of regeneration (right hand)
Potions
 b - a potion of curing
 v - a potion of heal wounds


   Skills:
 + Level 11.3 Fighting
 - Level 14.0 Short Blades
 - Level 1.5 Armour
 + Level 12.2 Dodging


You had 10 spell levels left.
You didn't know any spells.

Dungeon Overview and Level Annotations

Branches:
Dungeon (11/15)            Temple (0/1) D:4            Lair (0/8) D:11
    Orc: D:9-12

Altars:
Dithmenos
Makhleb
Sif Muna
Trog
Vehumet
Xom
Yredelemnul

Shops:
D:5 (

Annotations:
D:1 exclusion: downstairs
D:10 exclusion: downstairs


Innate Abilities, Weirdness & Mutations

You are small and have problems with some larger weapons.
You are carnivorous and can eat meat at any time.
You are partially covered in rugged brown scales (AC +1, +3% HP).
You are dopey. (Int -2)
You can spit poison.


Message History

You hit the wight but do no damage.
The wight is almost destroyed.
The wight completely misses you. The orc warrior completely misses you.
ATTACK MOVE TO (-1,-1)
You hit the wight but do no damage.
The wight is almost destroyed.
The orc warrior hits you but does no damage.
The wight completely misses you.
ATTACK MOVE TO (-1,-1)
You hit the wight.
You destroy the wight!
The orc warrior completely misses you. x2
ATTACK MOVE TO (-1,-1)
You closely miss the orc. The orc warrior closely misses you.
Use which ability? (? or * to list)
You fail to use your ability.
The orc warrior completely misses you. The orc warrior misses you.
The orc warrior hits you with a scimitar!!
The orc warrior hits you from afar with a trident!
You die...

### ## #.. ##8##.#
..#...#.# ........#
.......o# .o....ooo#
#K# #O#
#############.#######
.......................
#.#####.###########.#
#.# ##.# #.# #..####
#.####.....#
#.##......7..#


You could see 3 orc warriors, 2 orcs and a friendly two-headed ogre (berserk).

Table legend:
 A = Turns spent in this place as a percentage of turns spent in the entire game.
 B = Non-inter-level travel turns spent in this place as a percentage of non-inter-level travel turns spent in the entire game.
 C = Inter-level travel turns spent in this place as a percentage of turns spent in this place.
 D = Turns resting spent in this place as a percentage of non-inter-level travel turns spent in this place.
 E = Turns spent auto-exploring this place as a percentage of non-inter-level travel turns spent in this place.
 F = Non-inter-level travel turns spent in this place divided by the number of levels of this place that you've seen.
                   A       B       C       D       E      F
               +-------+-------+-------+-------+-------+----------------------
         Total | 100.0 | 100.0 |   0.3 |   4.4 |  11.7 | 450.5
       Dungeon | 100.0 | 100.0 |   0.3 |   4.4 |  11.7 | 450.5
               +-------+-------+-------+-------+-------+----------------------

Table legend:
 A = Kills in this place as a percentage of kills in entire the game.
 B = Kills by you in this place as a percentage of kills by you in the entire game.
 C = Kills by friends in this place as a percentage of kills by friends in the entire game.
 D = Other kills in this place as a percentage of other kills in the entire game.
 E = Experience gained in this place as a percentage of experience gained in the entire game.
 F = Experience gained in this place divided by the number of levels of this place that you have seen.
                   A       B       C       D       E      F
               +-------+-------+-------+-------+-------+----------------------
         Total | 100.0 | 100.0 | 100.0 | 100.0 | 100.0 | 1338.4
       Dungeon | 100.0 | 100.0 | 100.0 | 100.0 | 100.0 | 1338.4
               +-------+-------+-------+-------+-------+----------------------

Vanquished Creatures
  The ghost of gw the Slicer, an experienced KoBe of Trog (D:9)
  A hill giant (D:10)
  A manticore (D:11)
  Grinder (D:3)
  A two-headed ogre (D:11)
  A basilisk (D:11)
  A spriggan (D:7)
  3 hippogriffs
  A deep elf mage (D:9)
  A steam dragon (D:10)
  4 yaks
  Eustachio (D:4)
  A hill giant skeleton (D:9)
  A hungry ghost (D:9)
  Edmund (D:7)
  A porcupine (D:11)
  4 phantoms
  4 ogres
  A black bear (D:6)
  5 orc warriors
  2 sky beasts (D:7)
  2 crocodiles
  3 ice beasts
  Duvessa (D:8)
  3 big kobolds
  2 centaurs
  A gnoll sergeant (D:9)
  4 giant frogs
  Blork the orc (D:5)
  A water moccasin zombie (D:8)
  A water moccasin skeleton (D:5)
  4 scorpions
  9 wights
  5 killer bees (D:10)
  3 quasits
  A giant frog zombie (D:6)
  Dowan (D:8)
  4 crimson imps
  An iron imp (D:4)
  5 hounds
  8 jellies
  6 orc priests
  6 iguanas
  2 centaur skeletons
  8 worker ants
  11 orc wizards
  Ijyb (D:3)
  Jessica (D:3)
  A hound skeleton (D:9)
  2 mummies
  9 adders
  5 green rats
  6 gnolls
  3 shadow imps
  4 worms
  A giant mite (D:6)
  An adder zombie (D:6)
  An orc skeleton (D:10)
  3 oozes
  44 orcs
  17 bats
  2 bat skeletons (D:4)
  6 giant cockroaches
  18 hobgoblins
  17 jackals
  3 quokkas
  5 ball pythons
  4 giant newts
  5 goblins
  A goblin skeleton (D:5)
  A jackal zombie (D:9)
  22 kobolds
  A kobold skeleton (D:4)
  32 rats
  2 rat zombies
  4 ballistomycetes
352 creatures vanquished.

Vanquished Creatures (collateral kills)
  A two-headed ogre (D:11)
  A basilisk (D:11)
  4 yaks
  2 sky beasts (D:11)
  A necrophage (D:6)
  A crocodile (D:11)
  A quokka skeleton (D:6)
11 creatures vanquished.

Vanquished Creatures (others)
  3 ogres (D:11)
  A giant frog (D:8)
  3 giant spores
7 creatures vanquished.

Grand Total: 370 creatures vanquished

Notes
Turn   | Place    | Note
--------------------------------------------------------------
     0 | D:1      | gw, the Kobold Berserker, began the quest for the Orb.
     0 | D:1      | Reached XP level 1. HP: 14/14 MP: 1/1
   136 | D:1      | Reached XP level 2. HP: 19/19 MP: 2/2
   808 | D:1      | Acquired Trog's second power
   884 | D:1      | Reached XP level 3. HP: 23/23 MP: 3/3
  1164 | D:1      | Reached skill level 5 in Short Blades
  1512 | D:2      | Reached XP level 4. HP: 28/28 MP: 4/4
  1687 | D:2      | Found a burning altar of Makhleb.
  1701 | D:2      | Noticed a balrug
  1725 | D:2      | Found a bloodstained altar of Trog.
  2738 | D:3      | Noticed Ijyb
  2789 | D:3      | Killed Ijyb
  2789 | D:3      | Reached XP level 5. HP: 30/33 MP: 5/5
  2824 | D:3      | Noticed Jessica
  2853 | D:3      | Killed Jessica
  3095 | D:3      | Reached skill level 6 in Short Blades
  3294 | D:3      | Noticed Grinder
  3316 | D:3      | Killed Grinder
  3316 | D:3      | Reached skill level 7 in Short Blades
  3316 | D:3      | Reached XP level 6. HP: 39/39 MP: 6/6
  3316 | D:3      | Reached XP level 7. HP: 44/44 MP: 7/7
  4280 | D:4      | Reached skill level 5 in Dodging
  4388 | D:4      | Found a shadowy altar of Dithmenos.
  4417 | D:4      | Reached skill level 8 in Short Blades
  4587 | D:4      | Reached skill level 5 in Fighting
  5450 | D:4      | Reached XP level 8. HP: 48/50 MP: 8/8
  5478 | D:4      | Noticed Eustachio
  5505 | D:4      | Killed Eustachio
  5505 | D:4      | Reached skill level 9 in Short Blades
  5774 | D:4      | Found a staircase to the Ecumenical Temple.
  6394 | D:5      | Entered Level 5 of the Dungeon
  6510 | D:5      | Found Feabozey's Antique Weapon Emporium.
  6640 | D:5      | Noticed Blork the orc
  6656 | D:5      | Killed Blork the orc
  6656 | D:5      | Reached skill level 10 in Short Blades
  7066 | D:5      | Found a deep blue altar of Sif Muna.
  7653 | D:6      | Acquired Trog's third power
  7706 | D:6      | Reached XP level 9. HP: 39/56 MP: 9/9
  7961 | D:6      | Found a deep blue altar of Sif Muna.
  7961 | D:6      | Found a shimmering altar of Xom.
  8004 | D:6      | Received a gift from Trog
  8095 | D:6      | Got a warped robe
  8106 | D:6      | Identified the cursed +0 robe of the Sea {rF+ Int+3 Slay+5} (You found it on level 6 of the Dungeon)
  8139 | D:6      | Reached skill level 11 in Short Blades
  8849 | D:6      | Reached skill level 12 in Short Blades
  9470 | D:7      | Noticed Edmund
  9497 | D:7      | Killed Edmund
  9497 | D:7      | Reached XP level 10. HP: 48/64 MP: 10/10
 10442 | D:7      | Reached skill level 13 in Short Blades
 10820 | D:7      | Received a gift from Trog
 11067 | D:8      | Noticed Dowan
 11070 | D:8      | Noticed Duvessa
 11079 | D:8      | Killed Dowan
 11091 | D:8      | Killed Duvessa
 11780 | D:9      | Received a gift from Trog
 12051 | D:9      | Reached skill level 14 in Short Blades
 12470 | D:9      | Reached skill level 10 in Dodging
 12470 | D:9      | Reached XP level 11. HP: 71/71 MP: 11/11
 12607 | D:9      | Noticed gw's ghost (experienced KoBe)
 12625 | D:9      | Killed gw's ghost
 12991 | D:9      | Found a basalt altar of Yredelemnul.
 13084 | D:9      | Reached skill level 10 in Fighting
 13572 | D:10     | Entered Level 10 of the Dungeon
 13906 | D:10     | Found a radiant altar of Vehumet.
 13980 | D:10     | Noticed a hill giant
 13990 | D:10     | Killed a hill giant
 14700 | D:10     | Gained mutation: You are dopey. (Int -2) [potion of mutation]
 14700 | D:10     | Gained mutation: You can spit poison. [potion of mutation]
 14700 | D:10     | Gained mutation: You are partially covered in rugged brown scales (AC +1, +3% HP). [potion of mutation]
 14969 | D:11     | Noticed a manticore
 14975 | D:11     | Found a staircase to the Lair.
 14990 | D:11     | Killed a manticore
 15195 | D:11     | HP: 2/76 [orc warrior/scimitar (23)]
 15195 | D:11     | Mangled by an orc warrior

Action                   |  1- 3 |  4- 6 |  7- 9 | 10-12 || total
-------------------------+-------+-------+-------+-------++-------
Melee: Short sword       |    99 |   192 |   102 |       ||   393
       Dagger            |       |       |   157 |       ||   157
       Cutlass           |       |       |   361 |   724 ||  1085
Invok: Berserk           |     2 |     2 |     8 |     9 ||    21
       Trog's Hand       |     1 |     1 |     3 |     3 ||     8
       Brothers in Arms  |       |       |     1 |     7 ||     8
 Abil: Spit Poison       |       |       |       |     9 ||     9
Evoke: Wand              |       |     1 |     1 |    20 ||    22
  Use: Scroll            |     5 |     2 |     4 |     5 ||    16
       Potion            |     1 |     1 |     7 |     7 ||    16
 Stab: Invisible         |       |       |     2 |       ||     2
       Sleeping          |       |       |     1 |       ||     1
       Distracted        |       |       |       |     1 ||     1
  Eat: Chunk             |    10 |     6 |    34 |    30 ||    80

Vault maps used:
D:1:      erik_arrival_orb_chamber
D:2:      lightli_temple_of_fire, makhleb_altar_promises_db
D:3:      kennysheep_generic_room_16, uniq_grinder, uniq_jessica, uniq_iyjb
D:4:      minmay_temple_entry_purple_smoke, serial_forest,
          infiniplex_forest_lined_3, infiniplex_forest_clump_tiny,
          infiniplex_forest_straight_2, infiniplex_forest_end_2,
          infiniplex_forest_lined_1, infiniplex_forest_straight_2,
          infiniplex_forest_corner_2, nicolae_dithmenos_shadow_blocks,
          uniq_eustachio
D:5:      first_bread, serial_shops, shop_fountains, lemuel_blue_sif_altar,
          uniq_blork_the_orc
D:6:      gammafunk_temple_overflow_statue, portal_sewer_entry_e
D:7:      the_bakery, uniq_edmund
D:8:      grunt_ministairs_14, minmay_misc_feat_alley, uniq_duvessa
D:9:      kennysheep_mini
D:10:     basic_altar
D:11:     david_orc_4, minmay_lair_entry_grove, serial_shops, shop
